| TOP OF THE 1ST |
|
Cocoa Flyers batting - Pitching for Dunedin Blue Jays : RHP Randy Bockus
|
|
Pitching: RHP Randy Bockus
|
|
|
Batting: RHB Danny Arroyo
|
0-0: Called Strike 0-1: Ball 1-1: Ball 2-1: Foul Ball, location: 2F 2-2: SINGLE (Line Drive, 89S, EV 99.4 MPH)
|
|
Batting: LHB Gary Robertson
|
0-0: Called Strike 0-1: Ball 1-1: 2-RUN HOME RUN (Flyball, 89XD, EV 100.6 MPH), Distance : 422 ft
|
|
Batting: LHB Mike Jones
|
0-0: Called Strike 0-1: Ball 1-1: Called Strike 1-2: Strikes out swinging
|
|
Batting: RHB Larry McNutt
|
0-0: Ball 1-0: Called Strike 1-1: Foul Ball, location: 2F 1-2: Strikes out swinging
|
|
Batting: LHB Shanie Dugas
|
0-0: Called Strike 0-1: Ball 1-1: Called Strike 1-2: Ball 2-2: Ball 3-2: Foul Ball, location: 2F 3-2: Base on Balls
|
|
Batting: RHB Lorenzo Quintanilla
|
0-0: Ball 1-0: Ball 2-0: Ball 3-0: Base on Balls Shanie Dugas to second
|
|
Batting: RHB Miguel Dominguez
|
0-0: Ball 1-0: Fielders Choice at 2nd, 6-4 (Groundball, 6, EV 88.1 MPH)
|
| Top of the 1st over - 2 runs, 2 hits, 0 errors, 2 left on base; Cocoa 2 - Dunedin 0 |
| BOTTOM OF THE 1ST |
|
Dunedin Blue Jays batting - Pitching for Cocoa Flyers : RHP Ken Pryce
|
|
Pitching: RHP Ken Pryce
|
|
|
Batting: SHB Ted Wilborn
|
0-0: Called Strike 0-1: Ball 1-1: Fly out, F9 (Flyball, 89D, EV 106.9 MPH)
|
|
Batting: RHB David Hall
|
0-0: Called Strike 0-1: Ball 1-1: Called Strike 1-2: Foul Ball, location: 2F 1-2: Strikes out swinging
|
|
Batting: RHB Dale Berra
|
0-0: Called Strike 0-1: Called Strike 0-2: Ball 1-2: Ball 2-2: Foul Ball, location: 2F 2-2: Foul Ball, location: 2F 2-2: Foul Ball, location: 2F 2-2: Foul Ball, location: 2F 2-2: Foul Ball, location: 2F 2-2: Ball 3-2: Foul Ball, location: 2F 3-2: Foul Ball, location: 2F 3-2: Foul Ball, location: 2F 3-2: Fly out, F7 (Line Drive, 7, EV 108.8 MPH)
|
| Bottom of the 1st over - 0 runs, 0 hits, 0 errors, 0 left on base; Cocoa 2 - Dunedin 0 |
| TOP OF THE 2ND |
|
Cocoa Flyers batting - Pitching for Dunedin Blue Jays : RHP Randy Bockus
|
|
Batting: RHB Carlos Tirado
|
0-0: Ground out 6-3 (Groundball, 6, EV 91.9 MPH)
|
|
Batting: RHB Rhett Whisman
|
0-0: Ball 1-0: Fly out, F4 (Popup, 4MD, EV 45.6 MPH)
|
|
Batting: RHB Danny Arroyo
|
0-0: Called Strike 0-1: Ball 1-1: Foul Ball, location: 2F 1-2: Ball 2-2: Strikes out swinging
|
| Top of the 2nd over - 0 runs, 0 hits, 0 errors, 0 left on base; Cocoa 2 - Dunedin 0 |
| BOTTOM OF THE 2ND |
|
Dunedin Blue Jays batting - Pitching for Cocoa Flyers : RHP Ken Pryce
|
|
Batting: RHB Jose Canseco
|
0-0: Foul Ball, location: 2F 0-1: Foul Ball, location: 2F 0-2: Ball 1-2: Ball 2-2: DOUBLE (Line Drive, 3D, EV 103.1 MPH)
|
|
Batting: LHB Monte McAbee
|
0-0: Ball 1-0: Foul Ball, location: 2F 1-1: Swinging Strike 1-2: Foul Ball, location: 2F 1-2: Ball 2-2: Ball 3-2: Fly out, F5 (Popup, 5F, EV 75.0 MPH)
|
|
Batting: RHB Wil Culmer
|
0-0: Ball 1-0: Foul Ball, location: 2F 1-1: Ball 2-1: Fly out, F3 (Popup, 3F, EV 80.0 MPH)
|
|
Batting: RHB Brad Wellman
|
0-0: Called Strike 0-1: Ball 1-1: Ball 2-1: Foul Ball, location: 2F 2-2: Ball 3-2: Foul Ball, location: 2F 3-2: Base on Balls
|
|
Batting: RHB Dann Bilardello
|
0-0: Ball 1-0: Foul Ball, location: 2F 1-1: Fly out, F6 (Line Drive, 6, EV 68.8 MPH)
|
| Bottom of the 2nd over - 0 runs, 1 hit, 0 errors, 2 left on base; Cocoa 2 - Dunedin 0 |
| TOP OF THE 3RD |
|
Cocoa Flyers batting - Pitching for Dunedin Blue Jays : RHP Randy Bockus
|
|
Batting: LHB Gary Robertson
|
0-0: Called Strike 0-1: Ground out 4-3 (Groundball, 4, EV 100.0 MPH)
|
|
Batting: LHB Mike Jones
|
0-0: Ground out 1-3 (Groundball, 34S, EV 66.9 MPH)
|
|
Batting: RHB Larry McNutt
|
0-0: Ball 1-0: SINGLE (Groundball, 4S, EV 67.5 MPH) (infield hit)
|
|
Batting: LHB Shanie Dugas
|
0-0: Ball 1-0: Ball 2-0: Ball 3-0: Base on Balls Larry McNutt to second
|
|
Batting: RHB Lorenzo Quintanilla
|
0-0: Fly out, F7 (Flyball, 78D, EV 110.6 MPH)
|
| Top of the 3rd over - 0 runs, 1 hit, 0 errors, 2 left on base; Cocoa 2 - Dunedin 0 |
| BOTTOM OF THE 3RD |
|
Dunedin Blue Jays batting - Pitching for Cocoa Flyers : RHP Ken Pryce
|
|
Batting: RHB Scott Richartz
|
0-0: Fly out, F6 (Flyball, 56D, EV 90.0 MPH)
|
|
Batting: SHB Ted Wilborn
|
0-0: Called Strike 0-1: Ball 1-1: Ball 2-1: Ball 3-1: Base on Balls
|
|
Batting: RHB David Hall
|
0-0: Called Strike 0-1: Ball 1-1: Foul Ball, location: 2F 1-2: Grounds into double play, 1-6-3 (Groundball, 13S, EV 70.6 MPH)
|
| Bottom of the 3rd over - 0 runs, 0 hits, 0 errors, 0 left on base; Cocoa 2 - Dunedin 0 |
| TOP OF THE 4TH |
|
Cocoa Flyers batting - Pitching for Dunedin Blue Jays : RHP Randy Bockus
|
|
Batting: RHB Miguel Dominguez
|
0-0: Ball 1-0: Ground out U3 (Groundball, 13, EV 85.6 MPH)
|
|
Batting: RHB Carlos Tirado
|
0-0: Ball 1-0: Fly out, F7 (Line Drive, 7, EV 91.9 MPH)
|
|
Batting: RHB Rhett Whisman
|
0-0: Ball 1-0: Foul Ball, location: 2F 1-1: Foul Ball, location: 2F 1-2: Fly out, F8 (Flyball, 8LM, EV 86.3 MPH)
|
| Top of the 4th over - 0 runs, 0 hits, 0 errors, 0 left on base; Cocoa 2 - Dunedin 0 |
| BOTTOM OF THE 4TH |
|
Dunedin Blue Jays batting - Pitching for Cocoa Flyers : RHP Ken Pryce
|
|
Batting: RHB Dale Berra
|
0-0: Ball 1-0: Foul Ball, location: 2F 1-1: Fly out, F8 (Flyball, 8LS, EV 78.8 MPH)
|
|
Batting: RHB Jose Canseco
|
0-0: Foul Ball, location: 2F 0-1: Called Strike 0-2: Ball 1-2: Ground out 5-3 (Groundball, 56, EV 85.0 MPH)
|
|
Batting: LHB Monte McAbee
|
0-0: Swinging Strike 0-1: Ball 1-1: Ball 2-1: Swinging Strike 2-2: Ball 3-2: Foul Ball, location: 2F 3-2: Strikes out looking
|
| Bottom of the 4th over - 0 runs, 0 hits, 0 errors, 0 left on base; Cocoa 2 - Dunedin 0 |
| TOP OF THE 5TH |
|
Cocoa Flyers batting - Pitching for Dunedin Blue Jays : RHP Randy Bockus
|
|
Batting: RHB Danny Arroyo
|
0-0: Ball 1-0: Swinging Strike 1-1: Ball 2-1: Foul Ball, location: 2F 2-2: Foul Ball, location: 2F 2-2: Fly out, F5 (Popup, P, EV 86.3 MPH)
|
|
Batting: LHB Gary Robertson
|
0-0: Ball 1-0: Foul Ball, location: 2F 1-1: Ball 2-1: Foul Ball, location: 2F 2-2: SOLO HOME RUN (Flyball, 89XD, EV 93.1 MPH), Distance : 421 ft
|
|
Batting: LHB Mike Jones
|
0-0: Called Strike 0-1: Swinging Strike 0-2: Ball 1-2: Ball 2-2: Ball 3-2: Ground out 4-3 (Groundball, 4, EV 83.8 MPH)
|
|
Batting: RHB Larry McNutt
|
0-0: Foul Ball, location: 2F 0-1: Fly out, F9 (Flyball, 9LD, EV 83.8 MPH)
|
| Top of the 5th over - 1 run, 1 hit, 0 errors, 0 left on base; Cocoa 3 - Dunedin 0 |
| BOTTOM OF THE 5TH |
|
Dunedin Blue Jays batting - Pitching for Cocoa Flyers : RHP Ken Pryce
|
|
Batting: RHB Wil Culmer
|
0-0: Ball 1-0: Ball 2-0: Foul Ball, location: 2F 2-1: Ball 3-1: Called Strike 3-2: Base on Balls
|
|
Batting: RHB Brad Wellman
|
0-0: Ball 1-0: Foul Ball, location: 2F 1-1: Called Strike 1-2: Fielders Choice at 2nd, 5-4 (Groundball, 56S, EV 91.9 MPH)
|
|
Batting: RHB Dann Bilardello
|
0-0: Ball 1-0: Ball 2-0: Called Strike 2-1: Ball 3-1: Called Strike 3-2: Foul Ball, location: 2F 3-2: Foul Ball, location: 2F 3-2: Fly out, F4 (Popup, 4D, EV 64.4 MPH)
|
|
Batting: RHB Scott Richartz
|
0-0: SINGLE (Flyball, 8RS, EV 94.4 MPH) Brad Wellman to second
|
|
Batting: SHB Ted Wilborn
|
0-0: Called Strike 0-1: Foul Ball, location: 2F 0-2: Ground out 2-3 (Groundball, 15S, EV 65.6 MPH)
|
| Bottom of the 5th over - 0 runs, 1 hit, 0 errors, 2 left on base; Cocoa 3 - Dunedin 0 |
| TOP OF THE 6TH |
|
Cocoa Flyers batting - Pitching for Dunedin Blue Jays : RHP Randy Bockus
|
|
Batting: LHB Shanie Dugas
|
0-0: Fly out, F8 (Flyball, 8LM, EV 97.5 MPH)
|
|
Batting: RHB Lorenzo Quintanilla
|
0-0: Called Strike 0-1: Ball 1-1: Fly out, F8 (Flyball, 78D, EV 95.6 MPH)
|
|
Batting: RHB Miguel Dominguez
|
0-0: Fly out, F5 (Popup, 25, EV 86.3 MPH)
|
| Top of the 6th over - 0 runs, 0 hits, 0 errors, 0 left on base; Cocoa 3 - Dunedin 0 |
| BOTTOM OF THE 6TH |
|
Dunedin Blue Jays batting - Pitching for Cocoa Flyers : RHP Ken Pryce
|
|
Batting: RHB David Hall
|
0-0: Swinging Strike 0-1: Called Strike 0-2: Ball 1-2: Ball 2-2: Ball 3-2: Ground out 6-3 (Groundball, 6, EV 86.3 MPH)
|
|
Batting: RHB Dale Berra
|
0-0: Ball 1-0: Foul Ball, location: 2F 1-1: Ball 2-1: Foul Ball, location: 2F 2-2: Fly out, F8 (Flyball, 89D, EV 99.4 MPH)
|
|
Batting: RHB Jose Canseco
|
0-0: Swinging Strike 0-1: Ball 1-1: Swinging Strike 1-2: Foul Ball, location: 2F 1-2: Ball 2-2: Foul Ball, location: 2F 2-2: Ball 3-2: Strikes out swinging
|
| Bottom of the 6th over - 0 runs, 0 hits, 0 errors, 0 left on base; Cocoa 3 - Dunedin 0 |
| TOP OF THE 7TH |
|
Cocoa Flyers batting - Pitching for Dunedin Blue Jays : RHP Randy Bockus
|
|
Batting: RHB Carlos Tirado
|
0-0: Foul Ball, location: 2F 0-1: Swinging Strike 0-2: Fly out, F9 (Line Drive, 9, EV 89.4 MPH)
|
|
Batting: RHB Rhett Whisman
|
0-0: Called Strike 0-1: Swinging Strike 0-2: Strikes out swinging
|
|
Batting: RHB Danny Arroyo
|
0-0: Called Strike 0-1: Ground out 6-3 (Groundball, 6, EV 101.3 MPH)
|
| Top of the 7th over - 0 runs, 0 hits, 0 errors, 0 left on base; Cocoa 3 - Dunedin 0 |
| BOTTOM OF THE 7TH |
|
Dunedin Blue Jays batting - Pitching for Cocoa Flyers : RHP Ken Pryce
|
|
Pitching: RHP Kenneth Rabun
|
|
|
Batting: LHB Monte McAbee
|
0-0: Foul Ball, location: 2F 0-1: Called Strike 0-2: Foul Ball, location: 2F 0-2: Ball 1-2: SINGLE (Groundball, 6MD, EV 95.6 MPH)
|
|
Batting: RHB Wil Culmer
|
0-0: Called Strike 0-1: Foul Ball, location: 2F 0-2: Foul Ball, location: 2F 0-2: Ball 1-2: Strikes out swinging
|
|
Batting: RHB Brad Wellman
|
0-0: Ball 1-0: Foul Ball, location: 2F 1-1: Ball 2-1: Ball 3-1: Fly out, F9 (Flyball, 9LS, EV 93.8 MPH)
|
|
Batting: RHB Dann Bilardello
|
0-0: SINGLE (Flyball, 89S, EV 91.9 MPH) Monte McAbee to second Runner from 2nd tries for 3rd, SAFE, throw by CF made to third
|
|
Batting: RHB Scott Richartz
|
0-0: Ball 1-0: Ball 2-0: Called Strike 2-1: Ball 3-1: Ground out 5-3 (Groundball, 56S, EV 90.6 MPH)
|
| Bottom of the 7th over - 0 runs, 2 hits, 0 errors, 2 left on base; Cocoa 3 - Dunedin 0 |
| TOP OF THE 8TH |
|
Cocoa Flyers batting - Pitching for Dunedin Blue Jays : RHP Randy Bockus
|
|
Batting: LHB Gary Robertson
|
0-0: Swinging Strike 0-1: Ball 1-1: Ball 2-1: Ball 3-1: Base on Balls
|
|
Batting: LHB Mike Jones
|
0-0: Called Strike 0-1: Swinging Strike 0-2: DOUBLE (Line Drive, 9LS, EV 93.1 MPH) Gary Robertson to third
|
|
Batting: RHB Larry McNutt
|
0-0: Foul Ball, location: 2F 0-1: Ball 1-1: Foul Ball, location: 2F 1-2: Strikes out swinging
|
|
Batting: LHB Shanie Dugas
|
0-0: Intentional Walk
|
|
Batting: RHB Lorenzo Quintanilla
|
0-0: Ball 1-0: Grounds into double play, 5-2-3 (Groundball, 56S, EV 73.8 MPH)
|
| Top of the 8th over - 0 runs, 1 hit, 0 errors, 2 left on base; Cocoa 3 - Dunedin 0 |
| BOTTOM OF THE 8TH |
|
Dunedin Blue Jays batting - Pitching for Cocoa Flyers : RHP Kenneth Rabun
|
|
Now at 2B: Scott Pleis
|
|
|
Now in RF: Michael Palmer
|
|
|
Batting: SHB Ted Wilborn
|
0-0: Fly out, F9 (Flyball, 89D, EV 100.6 MPH)
|
|
Batting: RHB David Hall
|
0-0: Ball 1-0: Called Strike 1-1: Foul Ball, location: 2F 1-2: Ball 2-2: Ball 3-2: Foul Ball, location: 2F 3-2: Base on Balls
|
|
Pitching: RHP Jeffery Vail
|
|
|
Batting: RHB Dale Berra
|
0-0: Foul Ball, location: 2F 0-1: Ball 1-1: Fly out, F9 (Flyball, 9LM, EV 88.1 MPH)
|
|
Batting: RHB Jose Canseco
|
0-0: Ball 1-0: Ball 2-0: Foul Ball, location: 2F 2-1: Ball 3-1: Foul Ball, location: 2F 3-2: Foul Ball, location: 2F 3-2: Base on Balls David Hall to second
|
|
Batting: LHB Monte McAbee
|
0-0: Foul Ball, location: 2F 0-1: Ball 1-1: Ball 2-1: Ball 3-1: Base on Balls David Hall to third Jose Canseco to second
|
|
Batting: RHB Wil Culmer
|
0-0: Ball 1-0: Ball 2-0: Ball 3-0: Base on Balls David Hall scores Jose Canseco to third Monte McAbee to second
|
|
Batting: RHB Brad Wellman
|
0-0: Ball 1-0: SINGLE (Line Drive, 89M, EV 103.8 MPH) Jose Canseco scores Monte McAbee to third Wil Culmer to second
|
|
Batting: RHB Dann Bilardello
|
0-0: Called Strike 0-1: Ground out 5-3 (Groundball, 56S, EV 65.6 MPH)
|
| Bottom of the 8th over - 2 runs, 1 hit, 0 errors, 3 left on base; Cocoa 3 - Dunedin 2 |
| TOP OF THE 9TH |
|
Cocoa Flyers batting - Pitching for Dunedin Blue Jays : RHP Randy Bockus
|
|
Batting: RHB Miguel Dominguez
|
0-0: SINGLE (Line Drive, 6D, EV 106.9 MPH)
|
|
Batting: RHB Carlos Tirado
|
0-0: Bunted foul 0-1: Ball 1-1: Sac Bunt to 13S - play at first, batter OUT! 1-4 Miguel Dominguez to second
|
|
Batting: RHB Rhett Whisman
|
0-0: Called Strike 0-1: SINGLE (Flyball, 5D, EV 100.0 MPH) Miguel Dominguez to third
|
|
Batting: RHB Danny Arroyo
|
0-0: Foul Ball, location: 2F 0-1: Ball 1-1: Fly out, F9 (Flyball, 9D, EV 92.5 MPH) Runner from 3rd tags up, SCORES, throw by RF
|
|
Batting: LHB Gary Robertson
|
0-0: Ball 1-0: Ball 2-0: Called Strike 2-1: Called Strike 2-2: Ball 3-2: Foul Ball, location: 2F 3-2: Base on Balls Rhett Whisman to second
|
|
Batting: SHB Michael Palmer
|
0-0: Called Strike 0-1: Ball 1-1: Fly out, F8 (Flyball, 8LXD, EV 111.3 MPH)
|
| Top of the 9th over - 1 run, 2 hits, 0 errors, 2 left on base; Cocoa 4 - Dunedin 2 |
| BOTTOM OF THE 9TH |
|
Dunedin Blue Jays batting - Pitching for Cocoa Flyers : RHP Jeffery Vail
|
|
Batting: RHB Scott Richartz
|
0-0: Ball 1-0: Fly out, F7 (Flyball, 7LM, EV 88.8 MPH)
|
|
Batting: SHB Ted Wilborn
|
0-0: Ball 1-0: Ground out 4-3 (Groundball, 34D, EV 95.0 MPH)
|
|
Batting: RHB David Hall
|
0-0: Called Strike 0-1: Ball 1-1: Ground out 6-3 (Groundball, 6, EV 83.8 MPH)
|
| Bottom of the 9th over - 0 runs, 0 hits, 0 errors, 0 left on base; Cocoa 4 - Dunedin 2 |
|